 Dungeon Crawl Stone Soup version 0.24.0-1-gfbc8707 (webtiles) character file.

Game seed: 12311282081879163356, levelgen mode: deterministic

48504 Copingsaw the Cleaver (level 14, 0/105 HPs)
             Began as a Formicid Fighter on Nov 5, 2019.
             Was the Champion of Cheibriados.
             Slain by a yak (10 damage)
             ... on level 6 of the Lair of Beasts.
             The game lasted 00:51:42 (17396 turns).

Copingsaw the Cleaver (Formicid Fighter)           Turns: 17396, Time: 00:51:42

Health: 0/105      AC: 14    Str: 50    XL:     14   Next: 87%
Magic:  15/23      EV:  8    Int: 23    God:    Cheibriados [******]
Gold:   1197       SH: 24    Dex: 25    Spells: 13/13 levels left

rFire    + + .     SeeInvis +   C - +1 executioner's axe (chop)
rCold    + . .     Gourm    .   R - +0 large shield
rNeg     . . .     Faith    .   m - +0 plate armour
rPois    .         Spirit   .   (helmet unavailable)
rElec    .         Reflect  .   S - scarf {rC+ rF+}
rCorr    .         Harm     .   y - +1 pair of gloves
MR       ++...                  E - +0 pair of boots "Utustrao" {MR+} (curse)
Stlth    ..........             r - amulet of regeneration
HPRegen  0.67/turn              e - +4 ring of strength
MPRegen  0.18/turn              F - ring of protection from fire

@: mighty, very slow
A: permanent stasis, dig shafts and tunnels, four strong arms, antennae 3,
deformed body
a: Dig, Shaft Self, Bend Time, Temporal Distortion, Slouch, Step From Time,
Renounce Religion


You were on level 6 of the Lair of Beasts.
You worshipped Cheibriados.
Cheibriados was exalted by your worship.
You were hungry.

You visited 2 branches of the dungeon, and saw 18 of its levels.
You also visited: Sewer and Ossuary.

You collected 1197 gold pieces.

Inventory:

Hand Weapons
 a - the +7 mace "Gummeum" {elec, *Slow +Blink rN++}
   (You found it on level 6 of the Dungeon)

   Occasionally, upon striking a foe, it will discharge some electrical energy
   and cause terrible harm.
   It greatly protects you from negative energy.
   It lets you blink.
   It may slow you when you take damage.
 b - a +0 hand crossbow
 i - a +3 broad axe of flaming
 C - a +1 executioner's axe of chopping (weapon)
Missiles
 s - 77 bolts
 w - 77 poisoned darts (quivered)
 O - 6 curare-tipped darts
Armour
 c - a +0 shield
 m - a +0 plate armour (worn)
 q - the +4 ring mail "Veisalun" {*Contam rC+++ Int+6 Stlth-}
   (You found it on level 5 of the Dungeon)

   It affects your intelligence (+6).
   It renders you almost immune to cold.
   It causes magical contamination when unequipped.
   It makes you less stealthy.
 y - a +1 pair of gloves (worn)
 E - the cursed +0 pair of boots "Utustrao" (worn) {MR+}
   (You found it on level 8 of the Dungeon)

   It affects your resistance to hostile enchantments.
   It has a curse placed upon it.
 R - a +0 large shield (worn)
 S - a scarf of resistance (worn)
Jewellery
 e - a +4 ring of strength (left hand)
 h - an uncursed ring of resist corrosion
 r - an amulet of regeneration (around neck)
 t - an uncursed amulet of guardian spirit
 F - a ring of protection from fire (right hand)
 N - an uncursed amulet of the acrobat
Wands
 B - a wand of clouds (5)
 G - a wand of paralysis (8)
 J - a wand of disintegration (17)
 K - a wand of acid (7)
 P - a wand of enslavement (17)
 Q - a wand of polymorph (10)
 U - a wand of flame (10)
Scrolls
 g - a scroll of identify
 j - 9 scrolls of remove curse
 o - 3 scrolls of fear
 p - a scroll of magic mapping
 u - 2 scrolls of enchant armour
 x - 5 scrolls of fog
Potions
 d - 6 potions of agility
 k - 11 potions of curing
 l - a potion of berserk rage {unknown}
 n - 4 potions of flight
 z - 3 potions of might
 A - a potion of mutation {unknown}
 D - 2 potions of cancellation
 I - 2 potions of brilliance
 L - a potion of magic {unknown}
 M - 2 potions of resistance
Comestibles
 f - 40 rations


   Skills:
 - Level 8.2 Fighting
 + Level 12.7 Axes
   Level 6.3 Slings
 + Level 4.3 Crossbows
 + Level 12.4 Armour
 + Level 10.5 Shields
 - Level 12.6 Invocations
 + Level 8.2 Evocations


You had 13 spell levels left.
You didn't know any spells.
Your spell library contained the following spells:

 Spells                   Type           Power        Failure   Level  Hunger
 Apportation              Tloc           #.....       77%         1    ##.....
 Flame Tongue             Conj/Fire      #....        77%         1    ##.....
 Magic Dart               Conj           #...         77%         1    ##.....
 Shock                    Conj/Air       #...         77%         1    ##.....
 Summon Butterflies       Summ           #.......     77%         1    ##.....
 Call Imp                 Summ           #.......     88%         2    ###....
 Slow                     Hex            #.......     88%         2    ###....
 Swiftness                Chrm/Air       #.......     88%         2    ###....
 Throw Flame              Conj/Fire      #.....       88%         2    ###....
 Conjure Flame            Conj/Fire      #.......     98%         3    ####...
 Inner Flame              Hex/Fire       #.......     98%         3    ####...
 Lesser Beckoning         Tloc           #.........   98%         3    ####...
 Mephitic Cloud           Conj/Pois/Air  #.......     98%         3    ####...
 Static Discharge         Conj/Air       #.......     98%         3    ####...
 Tukima's Dance           Hex            #.......     98%         3    ####...
 Airstrike                Air            #.........   100%        4    #####..
 Sticky Flame             Conj/Fire      #.......     100%        4    #####..
 Alistair's Intoxication  Tmut/Pois      #.......     100%        5    ######.
 Fireball                 Conj/Fire      #.........   100%        5    ######.
 Irradiate                Conj/Tmut      #.........   100%        5    ######.
 Lightning Bolt           Conj/Air       #.........   100%        5    ######.
 Hydra Form               Tmut           #.........   100%        6    #######
 Invisibility             Hex            #.......     100%        6    #######
 Statue Form              Tmut/Erth      #........    100%        6    #######
 Dragon Form              Tmut           #.........   100%        7    #######
 Blink                    Tloc           Unusable     N/A         2    N/A

Dungeon Overview and Level Annotations

Branches:
Dungeon (12/15)            Temple (0/1) D:6            Lair (6/6) D:10
  Swamp (0/4) Lair:4        Snake (0/4) Lair:3        Slime (0/5) Lair:5
    Orc (0/2) D:9           Sewer (visited)         Ossuary (visited)

Altars:
Cheibriados
Dithmenos
Elyvilon
Fedhas
Hepliaklqana
Okawaru
Zin
The Shining One
Jiyva

Portals:
Trove: D:10 (give 5 potions of resistance)

Annotations:
D:4 2 transporters, bindersix's ghost, amateur GrFi
D:7 1 exclusion
D:8 2 transporters, IsraelFarrow's ghost, novice GnSk


Innate Abilities, Weirdness & Mutations

You cannot be hasted, slowed, berserked, paralysed or teleported.
You can dig through walls and to a lower floor.
Your four strong arms can wield two-handed weapons with a shield.
You have a pair of large antennae on your head. (SInv)
Armour fits poorly on your strangely shaped body.


Message History

You block the yak's attack. x2; The wolf bites you.
* * * LOW HITPOINT WARNING * * *
The death yak gores you but does no damage.
You hear a howl!
You cut the death yak into ribbons!!!
You kill the death yak!
Cheibriados appreciates the change of pace.
You closely miss the yak. You slice the wolf!!
You kill the wolf!
Cheibriados thoroughly appreciates the change of pace.
You slice the yak!!
You kill the yak!
Cheibriados thoroughly appreciates the change of pace.
You block the yak's attack. You block the wolf's attack. The yak gores you.
* * * LOW HITPOINT WARNING * * *
You block the wolf's attack. The wolf bites you but does no damage.
The dream sheep ruffles its wool and motes of dream dust sparkle, to no effect.
A wolf comes into view.
A black bear comes into view.
The yak gores you!
You die...

.Y..{.{..♣♣♣♣ .♣♣♣♣♣♣♣....♣♣♣♣♣ {
♣♣.....♣.♣ { ♣Y......♣♣♣♣ { ♣
♣♣..........♣♣ ♣♣
♣♣♣♣♣............♣♣♣ ♣♣♣.
♣?......†..........♣♣♣...
..........Y................
.........h@.##....##.......
...........###...#.......P.
............##.#..#.....###
..........###....###....###
...h......###....###....P#.
##...............###.....#....+..
#...............## #....###....P.
...........h....##########...P##
##...............##.####.#....P##


You could see a yak, a black bear (wandering), 2 wolves and a dream sheep.

Vanquished Creatures
  Gastronok (Lair:2)
  Erolcha (D:10)
  5 hydras
  A two-headed ogre (D:8)
  5 death yaks
  Urug (Lair:3)
  Sonja (D:12)
  A fire crab (Lair:6)
  An unseen horror (D:11)
  3 ugly things
  11 elephants
  7 black mambas
  14 spiny frogs
  A torpor snail (Lair:4)
  2 rime drakes
  11 komodo dragons
  A polar bear (Lair:6)
  2 trolls
  A hornet (D:7)
  6 hippogriffs
  19 blink frogs
  A bog body (Lair:3)
  A dream sheep (Lair:6)
  A meliai zombie (D:10)
  3 spriggans (Lair:6)
  41 yaks
  A basilisk (Lair:3)
  A steam dragon (D:6)
  A warg (D:9)
  2 hungry ghosts
  Edmund (D:5)
  5 porcupines
  Duvessa (D:4)
  3 orc warriors
  4 sky beasts
  8 water moccasins
  An ice beast (D:10)
  An eye of draining (D:9)
  3 phantoms
  3 wolves (Lair:6)
  3 black bears
  5 ogres
  5 centaurs
  9 crocodiles
  3 big kobolds
  15 bullfrogs
  6 water moccasin zombies (Ossuary)
  A wyvern skeleton (D:11)
  2 scorpions
  Dowan (D:4)
  19 killer bees
  3 howler monkeys
  3 electric eels (D:7)
  7 crimson imps
  A bullfrog zombie (D:11)
  3 bullfrog skeletons
  6 orc priests
  4 hounds
  5 jellies
  12 orc wizards
  3 iguanas
  8 worker ants
  2 big kobold zombies (Ossuary)
  A hound zombie (D:11)
  2 mummies (Ossuary)
  A worker ant zombie (D:11)
  9 adders
  12 gnolls
  4 river rats (Sewer)
  A shadow imp (D:8)
  2 adder skeletons
  9 adder zombies
  A worm (D:4)
  2 dart slugs (D:1)
  5 leopard geckos
  36 orcs
  9 giant cockroaches
  5 goblins
  9 hobgoblins
  11 jackals
  24 kobolds
  4 quokkas
  5 ball pythons
  5 bats
  6 frilled lizards
  A giant cockroach zombie (D:5)
  5 gnoll zombies (Ossuary)
  A goblin zombie (D:6)
  2 hobgoblin zombies (Ossuary)
  7 kobold zombies (Ossuary)
  A leopard gecko zombie (D:6)
  4 orc zombies (Ossuary)
  28 rats
  A rat zombie (D:6)
  6 plants
522 creatures vanquished.

Vanquished Creatures (others)
  A bush (Lair:6)
  25 fungi
  17 plants
43 creatures vanquished.

Grand Total: 565 creatures vanquished

Notes
Turn   | Place    | Note
-------+----------+-------------------------------------------
     0 | D:1      | Copingsaw the Formicid Fighter began the quest for the Orb.
     0 | D:1      | Reached XP level 1. HP: 18/18 MP: 1/1
   176 | D:1      | Reached XP level 2. HP: 23/24 MP: 2/2
   350 | D:1      | Reached XP level 3. HP: 23/29 MP: 3/3
   897 | D:2      | Found a shadowy altar of Dithmenos.
  1166 | D:2      | Found a snail-covered altar of Cheibriados.
  1169 | D:2      | Became a worshipper of Cheibriados the Contemplative
  1459 | D:3      | Noticed a centaur
  1484 | D:3      | Killed a centaur
  1484 | D:3      | Reached XP level 4. HP: 3/37 MP: 1/4
  1484 | D:3      | Reached XP level 5. HP: 3/42 MP: 1/5
  2100 | D:3      | Found a white marble altar of Elyvilon.
  2253 | D:3      | Reached * piety under Cheibriados
  2718 | D:4      | Noticed a phantom
  2727 | D:4      | Found a transporter.
  2781 | D:4      | Noticed Dowan
  2795 | D:4      | Killed Dowan
  2795 | D:4      | Reached skill level 5 in Axes
  2795 | D:4      | Reached XP level 6. HP: 29/48 MP: 2/6
  2821 | D:4      | Noticed Duvessa
  2833 | D:4      | Killed Duvessa
  2971 | D:5      | Entered Level 5 of the Dungeon
  3088 | D:4      | Reached XP level 7. HP: 48/53 MP: 2/7
  3101 | D:4      | Found a glowing drain.
  3105 | Sewer    | Entered a sewer
  3275 | Sewer    | Reached ** piety under Cheibriados
  3533 | Sewer    | Reached *** piety under Cheibriados
  3979 | D:4      | Found a glowing golden altar of the Shining One.
  4129 | D:4      | Reached XP level 8. HP: 54/60 MP: 2/8
  4210 | D:4      | Found a transporter.
  4218 | D:4      | Noticed bindersix's ghost (amateur GrFi)
  5007 | D:5      | Noticed Edmund
  5020 | D:5      | Killed Edmund
  5020 | D:5      | Reached skill level 5 in Shields
  5180 | D:5      | Got a distressingly furry ring mail
  5191 | D:5      | Identified the +4 ring mail "Veisalun" {*Contam rC+++ Int+6
                  | Stlth-} (You found it on level 5 of the Dungeon)
  5315 | D:5      | Reached **** piety under Cheibriados
  5608 | D:6      | Reached skill level 5 in Armour
  5662 | D:6      | Found a sand-covered staircase.
  5680 | Ossuary  | Entered an ossuary
  5705 | Ossuary  | Reached skill level 5 in Fighting
  5728 | Ossuary  | Reached XP level 9. HP: 67/68 MP: 9/9
  5782 | Ossuary  | Reached ***** piety under Cheibriados
  6049 | D:6      | Found a staircase to the Ecumenical Temple.
  6416 | D:6      | Got a brightly glowing mace
  6424 | D:6      | Identified the +7 mace "Gummeum" {elec, *Slow +Blink rN++}
                  | (You found it on level 6 of the Dungeon)
  6817 | D:7      | Reached XP level 10. HP: 72/77 MP: 10/10
  7410 | D:7      | Found a hazy altar of Hepliaklqana.
  7706 | D:8      | Found a glowing silver altar of Zin.
  7775 | D:8      | Reached ****** piety under Cheibriados
  7829 | D:8      | Got a pair of warped boots
  7871 | D:8      | Identified the cursed +0 pair of boots "Utustrao" {MR+}
                  | (You found it on level 8 of the Dungeon)
  7881 | D:8      | Noticed IsraelFarrow's ghost (novice GnSk)
  7932 | D:8      | Found an iron altar of Okawaru.
  7973 | D:8      | Noticed a two-headed ogre
  7982 | D:8      | Killed a two-headed ogre
  8017 | D:8      | Found a blossoming altar of Fedhas.
  8028 | D:8      | Found a transporter.
  8032 | D:8      | Found a transporter.
  8168 | D:8      | Reached skill level 1 in Invocations
  8492 | D:9      | Reached XP level 11. HP: 84/86 MP: 13/13
  8777 | D:9      | Reached skill level 10 in Axes
  8782 | D:9      | Reached skill level 5 in Invocations
  9068 | D:9      | Found a staircase to the Orcish Mines.
  9473 | D:10     | Entered Level 10 of the Dungeon
  9924 | D:10     | Found a staircase to the Lair.
 10038 | D:10     | Found a portal to a secret trove of treasure.
 10109 | D:10     | Noticed Erolcha
 10120 | D:10     | Killed Erolcha
 10120 | D:10     | Reached skill level 1 in Slings
 10191 | D:10     | Noticed a cyan ugly thing
 10199 | D:10     | Killed a cyan ugly thing
 10369 | D:11     | Identified a scroll of acquirement
 10385 | D:11     | Noticed a brown ugly thing
 10395 | D:11     | Killed a brown ugly thing
 10395 | D:11     | Reached XP level 12. HP: 63/93 MP: 18/18
 10583 | D:11     | Reached skill level 1 in Evocations
 10655 | D:11     | Reached skill level 10 in Armour
 10955 | D:11     | Noticed an unseen horror
 10962 | D:11     | Killed an unseen horror
 11218 | Lair:1   | Entered Level 1 of the Lair of Beasts
 11963 | D:12     | Noticed Sonja
 11965 | D:12     | Killed Sonja
 12269 | Lair:1   | Found a shadowy altar of Dithmenos.
 12323 | Lair:1   | Noticed a death yak
 12329 | Lair:1   | Killed a death yak
 12329 | Lair:1   | Reached skill level 10 in Invocations
 12402 | Lair:1   | Noticed a five-headed hydra
 12412 | Lair:1   | Killed a one-headed hydra
 12845 | Lair:2   | Noticed Gastronok
 12861 | Lair:2   | Killed Gastronok
 12915 | Lair:2   | Reached XP level 13. HP: 78/98 MP: 21/21
 13486 | Lair:3   | Reached skill level 5 in Slings
 13516 | Lair:3   | Noticed a six-headed hydra
 13530 | Lair:3   | Killed a one-headed hydra
 13699 | Lair:3   | Reached skill level 5 in Evocations
 13863 | Lair:3   | Noticed Urug
 13896 | Lair:3   | Killed Urug
 13920 | Lair:3   | Noticed an eight-headed hydra
 13946 | Lair:3   | Killed a five-headed hydra
 14162 | Lair:3   | Found a staircase to the Snake Pit.
 14296 | Lair:3   | Noticed a five-headed hydra
 14303 | Lair:3   | Killed a four-headed hydra
 14586 | Lair:4   | Found a staircase to the Swamp.
 15820 | Lair:5   | Gained mutation: Armour fits poorly on your strangely
                  | shaped body. [mutagenic glow]
 15822 | Lair:5   | Noticed an eight-headed hydra
 15863 | Lair:5   | Found a staircase to the Slime Pits.
 15865 | Lair:5   | Found a viscous altar of Jiyva.
 15955 | Lair:5   | Reached XP level 14. HP: 96/105 MP: 23/23
 16066 | Lair:5   | Reached skill level 1 in Crossbows
 16490 | Lair:6   | Entered Level 6 of the Lair of Beasts
 16801 | Lair:6   | Reached skill level 10 in Shields
 17396 | Lair:6   | Slain by a yak

Levels and vault maps discovered:
D:1:      lemuel_arrival_tunnels, layout_basic, st_stairs_10, minmay_tripent
D:2:      layout_basic, lemuel_doored_altar, first_ration, grunt_dithmenos_smoke
D:3:      layout_basic, elyvilon_altar_3
D:4:      layout_basic, overflow_temple_1_default, gup_sewer_entry_bowl,
          gammafunk_ghost_stat_death, uniq_duvessa
D:5:      layout_basic, uniq_edmund
D:6:      layout_loops_ring, minmay_temple_entry_purple_smoke, enter_ossuary_4,
          serial_park_tiny_pond, kennysheep_small_circle
D:7:      layout_loops_ring, old_standard_altar, serial_bayou_lake_a
D:8:      layout_loops_ring, kennysheep_okawaru_gauntlet, fedhas_altar_1,
          lemuel_crystal_altar, gammafunk_ghost_arena
D:9:      layout_irregular_city, erik_orc_3, evilmike_butchery
D:10:     layout_basic, david_lair_shrubbed, enter_trove_2, uniq_erolcha
D:11:     layout_roguey
D:12:     layout_basic, uniq_sonja
Lair:1:   layout_layer_cave, basic_altar, serial_bayou_pond_c,
          grunt_forest_large_clearing_hut
Lair:2:   layout_gridlike, serial_bayou_lagoon_a, uniq_gastronok
Lair:3:   layout_roguey, dummy_snake_entry, grunt_megastairs_4, uniq_urug
Lair:4:   layout_gridlike, skrybe_swamp_entry_bodies
Lair:5:   layout_roguey, slime_altar_1
Lair:6:   minmay_lair_end_enchanted_forest, layout_regular_city,
          infiniplex_staircase_pool_2

Skill      XL: |  1  2  3  4  5  6  7  8  9 10 11 12 13 14 |
---------------+-------------------------------------------+-----
Shields        | 4 5 7 9 10 | 10.5
Axes           | 4 5 6 7 8 9 10 11 12 | 12.7
Fighting       | 5 6 8 |  8.2
Armour         | 5 6 8 9 10 11 12 | 12.4
Invocations    | 3 8 10 12 | 12.6
Slings         | 2 4 6 |  6.3
Evocations     | 4 6 8 |  8.2
Crossbows      | 4 |  4.3

Action                   |  1- 3 |  4- 6 |  7- 9 | 10-12 | 13-15 || total
-------------------------+-------+-------+-------+-------+-------++-------
Melee: War axe           |    88 |       |       |       |       ||    88
       Hand axe          |    20 |   137 |   182 |       |       ||   339
       Flail             |       |       |   203 |       |       ||   203
       Mace              |       |       |    26 |   365 |   337 ||   728
       Executioner's axe |       |       |       |   113 |   123 ||   236
       Broad axe         |       |       |       |     9 |    17 ||    26
Throw: Dart              |       |       |     8 |    25 |       ||    33
Invok: Step From Time    |       |       |       |       |     2 ||     2
       Bend Time         |       |       |       |       |     1 ||     1
 Abil: Dig               |       |       |       |     1 |     4 ||     5
Evoke: Wand              |       |       |       |     6 |     8 ||    14
  Use: Scroll            |     3 |       |     8 |    14 |     4 ||    29
       Potion            |     1 |     1 |       |     2 |     4 ||     8
 Stab: Distracted        |       |       |       |       |     1 ||     1
  Eat: Chunk             |     1 |     2 |     6 |     8 |     1 ||    18
       Ration            |       |     1 |       |     2 |     2 ||     5
Armor: Scale mail        |    38 |       |       |       |       ||    38
       Plate armour      |    39 |    63 |   117 |       |    84 ||   303
       Ring mail         |       |       |    66 |   158 |    39 ||   263
Dodge: Dodged            |    34 |    21 |    91 |   148 |   105 ||   399
Block: Shield            |    66 |    76 |   232 |   414 |   162 ||   950
       Large shield      |       |       |       |       |   341 ||   341
